 Dungeon Crawl Stone Soup version 0.18-b1-14-g029dad2 (webtiles) character file.

52 Alarkh the Grave Robber (level 3, 0/24 HPs)
             Began as a Mummy Necromancer on Apr 30, 2016.
             Slain by an adder (2 damage)
             ... on level 3 of the Dungeon.
             The game lasted 00:02:37 (1318 turns).

Alarkh the Grave Robber (Mummy Necromancer)         Turns: 1318, Time: 00:02:38

Health: 0/24       AC:  3    Str: 11    XL:     3   Next: 60%
Magic:  1/7        EV: 12    Int: 15    God:
Gold:   101        SH:  0    Dex: 12    Spells: 1 memorised, 7 levels left

rFire  x . .     SeeInvis .     c - +0 dagger
rCold  + . .     Gourm    .     a - +1 robe
rNeg   + + +     Faith    .     (no shield)
rPois  ∞         Spirit   .     (no helmet)
rElec  .         Dismiss  .     (no cloak)
rCorr  .         Reflect  .     (no gloves)
SustAt .         Harm     .     (no boots)
MR     .....                    (no amulet)
Stlth  ++........               (no ring)
                                (no ring)

@: not resistant to hostile enchantments, unstealthy
A: no food or potions, fire vulnerability, cold resistance 1, negative energy
resistance 3, torment resistance, unbreathing
a: no special abilities


You were on level 3 of the Dungeon.
You were not hungry.

You visited 1 branch of the dungeon, and saw 4 of its levels.

You collected 101 gold pieces.

Inventory:

Hand Weapons
 c - a +0 dagger (weapon)
Armour
 a - a +1 robe (worn)
Jewellery
 h - an uncursed ring of ice
 j - an uncursed amulet of guardian spirit
Scrolls
 d - a scroll of noise
 e - a scroll of remove curse
 f - a scroll of enchant armour
 g - a scroll of fog
Books
 b - a book of Necromancy

   Spells                             Type                      Level
   a - Pain                           Necromancy                   1
   b - Animate Skeleton               Necromancy                   1
   c - Vampiric Draining              Necromancy                   3
   d - Regeneration                   Charms/Necromancy            3
   e - Animate Dead                   Necromancy                   4
   f - Control Undead                 Necromancy                   4


   Skills:
 - Level 1.5 Dodging
 - Level 1.5 Stealth
 + Level 3.0 Spellcasting
 + Level 4.7 Necromancy


You had 7 spell levels left.
You knew the following spells:

 Your Spells              Type           Power        Failure   Level  Hunger
a - Pain                  Necr           ###.         3%          1    N/A

Dungeon Overview and Level Annotations

Branches:
Dungeon (4/15)
 Temple: D:4-7

Altars:
Vehumet
Zin

Annotations:
D:4 Grinder


Innate Abilities, Weirdness & Mutations

You do not eat or drink.
Your flesh is vulnerable to fire.
You are immune to poison.
Your flesh is cold resistant.
You are immune to negative energy.
You are immune to unholy pain and torment.
You can survive without breathing.


Message History

Press: ? - help, Shift-Dir - straight line, f/p - adder
Aim: an adder (lightly wounded, chance to defeat MR: 81%)
The adder convulses in agony!
The adder bites you.
* * * LOW HITPOINT WARNING * * *
The adder barely misses you.
Casting: Pain
Confirm with . or Enter, or press ? or * to list all spells.
You don't have enough magic to cast that spell.
Read which item? (? for menu, Esc to quit)
As you read the scroll labeled DEORAM BIKK, it crumbles to dust.
The creatures around you are filled with an inner flame!
It was a scroll of immolation.
The adder bites you but does no damage.
Read which item? (? for menu, Esc to quit)
As you read the scroll labeled NUMUICK WEAPT, it crumbles to dust.
The dust glows shimmering white!
It was a scroll of random uselessness.
The adder barely misses you.
You barely miss the adder.
The adder is severely wounded.
The adder barely misses you. The adder bites you.
You die...

############ . #..........# ..
#..........# ...####
#..........#
..w...#############o.....!...#
...l.w...)..w...@Soro........#
..#######...#######o...>.....#
##...# #..........# ###..#..#
#..........# ###.[.###..#
#..........# #####...### #.#
###########.. ......### .# #
####### . ### #


You could see a worm (inner flame), an adder (inner flame), 4 orcs and a rat
(inner flame).

Vanquished Creatures
  2 adders
  2 giant geckos
  An orc (D:3)
  5 bats
  4 goblins
  5 hobgoblins
  3 jackals (D:4)
  2 kobolds
  3 giant newts
  4 rats
31 creatures vanquished.

Notes
Turn   | Place    | Note
--------------------------------------------------------------
     0 | D:1      | Alarkh the Mummy Necromancer began the quest for the Orb.
     0 | D:1      | Reached XP level 1. HP: 13/13 MP: 3/3
   130 | D:1      | Reached XP level 2. HP: 19/19 MP: 0/5
   508 | D:2      | Found a glowing silver altar of Zin.
   777 | D:3      | Reached XP level 3. HP: 8/24 MP: 4/6
  1063 | D:4      | Noticed Grinder
  1168 | D:4      | Found a radiant altar of Vehumet.
  1315 | D:3      | HP: 1/24 [adder (2)]
  1318 | D:3      | Slain by an adder

Skill      XL: |  1  2  3 |
---------------+----------+-----
Spellcasting   | 3 |  3.0
Dodging        | |  1.5
Stealth        | |  1.5
Necromancy     | |  4.7

Action                   || total
-------------------------++-------
Melee: Dagger            ||    40
       Unarmed           ||     3
 Cast: Pain              ||    62
  Use: Scroll            ||     6
Armor: Robe              ||    43
Dodge: Dodged            ||   111
